cohdb
Replays
Latest Replays
All Replays
Popular Replays
Top Player Replays
Match Explorer
How It Works
Community
CoH3 Stats
Reddit
Sign in to upload your games and track your stats! →
Sign in with Steam
Match 44487302
Unlisted
Match 44487302
Overview
Messages
Build Orders
End
Selects Indian Artillery Battlegroup
Vickers Machine Gun Team
Vickers Machine Gun Team
Royal Engineer Section
Vickers Machine Gun Team
Construct Section Command Post
Infantry Section
Selects Towed ML 4.2-inch Heavy Mortar
Towed ML 4.2-inch Heavy Mortar
Construct Platoon Command Post
Unlock M3 Stuart Light Tanks
M3 Stuart Light Tank
M3 Stuart Light Tank
M3 Stuart Light Tank
Light Vehicle Training
M3 Stuart Light Tank
M3 Stuart Light Tank
M3 Stuart Light Tank
M3 Stuart Light Tank
6-pounder Anti-tank Gun Team
6-pounder Anti-tank Gun Team
Selects Off-map Airburst Barrage
Selects Perimeter Monitor
Royal Engineer Section
WasaBee
帝国の猛虎
Crecer13
bomon
King Raptor
SHELDONATOR
撒旦代言人
GunsOnFire-1942
0
0
Comments
sign in to comment!
No comments posted yet!